 Dungeon Crawl Stone Soup version 0.28-a0-1087-gf3fc490d9d (webtiles) character file.

Game seed: 18140046326422166221

44 ytrimaz the Insei (level 3, -2/23 HPs)
             Began as an Octopode Transmuter on Dec 10, 2021.
             Slain by an orc wizard (4 damage)
             ... on level 2 of the Dungeon.
             The game lasted 00:00:57 (1030 turns).

ytrimaz the Insei (Octopode Transmuter)             Turns: 1030, Time: 00:00:57

Health: -2/23      AC:  1    Str:  9    XL:     3   Next: 60%
Magic:  4/6        EV: 13    Int: 17    God:
Gold:   35         SH:  0    Dex: 12    Spells: 1/7 levels left

rFire   . . .      SeeInvis .     - Unarmed
rCold   . . .      Faith    .   (no shield)
rNeg    . . .      Spirit   .   (helmet currently unavailable)
rPois   .          Reflect  .   (no amulet)
rElec   .          Harm     .   (no ring)
rCorr   .          Rampage  .   (no ring)
Will    .....                   (no ring)
Stlth   ++........              (no ring)
HPRegen 0.07/turn               (no ring)
MPRegen 0.10/turn               (no ring)
                                (no ring)
                                (no ring)

@: appendages (expiring), wereblooded
A: tentacle spike 3, almost no armour, amphibious, 8 rings, camouflage 1,
gelatinous body 1, (nimble swimmer 1), tentacles
a: End Transformation


You were on level 2 of the Dungeon.
One of your tentacles had grown a beastly spike.
You visited 1 branch of the dungeon, and saw 2 of its levels.

You collected 35 gold pieces.

Inventory:

Scrolls
 a - 3 scrolls of fog {unknown}
 b - a scroll of enchant armour
Potions
 c - a potion of flight


   Skills:
 * Level 1.5 Fighting
 - Level 2.0 Dodging
 + Level 3.6 Unarmed Combat
 * Level 2.5 Spellcasting
 * Level 2.4 Transmutations


You had one spell level left.
You knew the following spells:

 Your Spells              Type           Power      Damage    Failure   Level
a - Beastly Appendage     Tmut           20%        N/A       7%          1
b - Wereblood             Tmut           10%        N/A       11%         2
c - Spider Form           Tmut/Pois      6%         N/A       34%         3

Your spell library contained the following spells:

 Spells                   Type           Power      Damage    Failure   Level
 Ice Form                 Ice/Tmut       6%         N/A       75%         4


Dungeon Overview and Level Annotations

Branches:
Dungeon (1/15)

Altars:
Nemelex Xobeh


Innate Abilities, Weirdness & Mutations

One of your tentacles has grown a beastly spike.
You cannot wear most types of armour.
You are amphibious.
You can wear up to eight rings at the same time.
Your skin changes colour to match your surroundings (Stealth+).
Your rubbery body absorbs attacks. (AC +1, EV +1)
((You are camouflaged near water. (Stealth+)))
You have tentacles for arms and can constrict up to eight enemies at once.


Message History

Okay, then.
Casting: Beastly Appendage (safe; 7% risk of failure)
Confirm with . or Enter, or press ? or * to list all spells.
Your blood is infused with primal strength.
The orc closely misses you.
The orc hits you from afar with a +0 trident.
You tentacle-slap the orc. You grab the orc.
You pierce the orc.
The orc is severely wounded.
You constrict the orc. The orc closely misses you.
Unknown command.
You tentacle-slap the orc but do no damage.
You pierce the orc, but do no damage.
The orc is almost dead.
Your transformation is almost over.
You constrict the orc.
You feel a bit better.
You kill the orc!
Unknown command.
The orc wizard casts a spell at you. The puff of flame hits you!
* * * LOW HITPOINT WARNING * * *
The orc misses you.
The orc wizard hits you with a +3 dagger.
* * * LOW HITPOINT WARNING * * *
There is an open door, spattered with blood here.
Things that are here:
a +0 club; an orc corpse Unknown command.
Okay, then.
You tentacle-slap the orc wizard. You grab the orc wizard.
The orc wizard is lightly wounded.
You constrict the orc wizard. The orc wizard casts a spell at you.
The puff of flame misses you.
Unknown command.
You tentacle-slap the orc wizard. You squeeze the orc wizard.
The orc wizard is severely wounded.
You constrict the orc wizard.
You hear a shout!
The orc wizard hits you with a +3 dagger.
You die...

##############
#.†.##.@#).o.#
###.#.#)##o#o8"#
#.'.#.#.####o..#
#.###'##.#######
#.##...##'.#...#
#.#..#.###.#.#'#
####.#.##...#...#.#
#[...#...†#'#####.#
###.##.######.....).#


You could see an orc wizard.

Vanquished Creatures
  2 adders (D:2)
  2 dart slugs (D:2)
  An orc (D:2)
  A ball python (D:1)
  An endoplasm (D:2)
  A giant cockroach (D:2)
  2 goblins (D:2)
  3 hobgoblins
  A quokka (D:1)
  A bat (D:1)
  A frilled lizard (D:1)
  3 kobolds
  2 rats (D:2)
21 creatures vanquished.

Vanquished Creatures (others)
  2 plants (D:2)
2 creatures vanquished.

Grand Total: 23 creatures vanquished

Notes
Turn   | Place    | Note
-------+----------+-------------------------------------------
     0 | D:1      | ytrimaz the Octopode Transmuter began the quest for the
                  | Orb.
     0 | D:1      | Reached XP level 1. HP: 13/13 MP: 3/3
   212 | D:1      | Reached XP level 2. HP: 18/18 MP: 5/5
   219 | D:1      | Learned a level 2 spell: Wereblood
   240 | D:1      | You fall into a shaft and drop 1 floor!
   605 | D:2      | Found a sparkling altar of Nemelex Xobeh.
   650 | D:2      | Reached XP level 3. HP: 8/23 MP: 6/6
   654 | D:2      | Learned a level 3 spell: Spider Form
  1026 | D:2      | HP: 1/23 [orc wizard (5)]
  1030 | D:2      | Slain by an orc wizard

Illustrated notes

Levels and vault maps discovered:
D:1:      evilmike_arrival_crescent, layout_basic, roderic_three_in_a_row,
          chequers_mini_garden, corexii_hall_statues_i
D:2:      minmay_chambers_of_ones, layout_rooms, basic_altar,
          serial_bayou_lake_a

Action                   || total
-------------------------++-------
Melee: Unarmed           ||    61
       Constrict         ||    16
       Kick              ||     7
       Tentacles         ||     9
       Punch             ||     2
 Cast: Beastly Appendage ||     7
       Wereblood         ||     1
  Use: Scroll            ||     2
 Stab: Sleeping          ||     4
Armor: Skin              ||     2
Dodge: Dodged            ||    34

Table legend: (Time is in decaauts)
 A = Elapsed time spent in this place.
 B = Non-inter-level travel time spent in this place.
 C = Inter-level travel time spent in this place.
 D = Time resting spent in this place.
 E = Time spent auto-exploring this place.
 F = Levels seen in this place.
 G = Mean time per level.
                   A        B        C        D        E       F      G
               +--------+--------+--------+--------+--------+-----+--------+
         Total |   1026 |   1026 |      0 |      0 |    842 |   2 |  513.0 |
       Dungeon |   1026 |   1026 |      0 |      0 |    842 |   2 |  513.0 |
               +--------+--------+--------+--------+--------+-----+--------+

Top non-repeatable levels by time:
     D:2: 787 daAuts
     D:1: 239 daAuts
